 Dungeon Crawl Stone Soup version 0.26-a0-264-g3a471323bd (webtiles) character file.

Game seed: 9105017878917725290

210 BritishOli the Covered (level 5, 0/42 HPs)
             Began as a Demonspawn Fighter on July 11, 2020.
             Was an Initiate of Okawaru.
             Succumbed to a worker ant's poison
             ... on level 3 of the Dungeon.
             The game lasted 00:02:25 (2900 turns).

BritishOli the Covered (Demonspawn Fighter)         Turns: 2900, Time: 00:02:26

Health: 0/42       AC:  7    Str: 17    XL:     5   Next: 57%
Magic:  5/5        EV:  7    Int: 10    God:    Okawaru [......]
Gold:   130        SH: 14    Dex: 12    Spells: 4/4 levels left

rFire    . . .     SeeInvis .   a - +0 long sword
rCold    + . .     Faith    .   c - +0 kite shield
rNeg     . . .     Spirit   .   b - +0 scale mail
rPois    .         Reflect  +   (helmet restricted)
rElec    .         Harm     .   (no cloak)
rCorr    .                      (no gloves)
MR       ++...                  (no boots)
Stlth    ..........             r - amulet of reflection
HPRegen  0.14/turn              (no ring)
MPRegen  0.09/turn              (no ring)

@: lethally poisoned (0 -> -2), berserk cooldown, hasted and slowed
A: antennae 1, claws 1, hooves 1, blink, cold resistance 1, magic resistance 2,
subdued magic 1
a: Blink, Renounce Religion


You were on level 3 of the Dungeon.
You worshipped Okawaru.
Okawaru was noncommittal.
You were not hungry.

You visited 1 branch of the dungeon, and saw 4 of its levels.

You collected 130 gold pieces.

Inventory:

Hand Weapons
 a - a +0 long sword (weapon)
Armour
 b - a +0 scale mail (worn)
 c - a +0 kite shield (worn)
 p - a +0 plate armour
Jewellery
 r - an amulet of reflection (around neck)
Scrolls
 e - a scroll of enchant armour {unknown}
 g - 2 scrolls of remove curse {unknown}
 h - 8 scrolls of identify {unknown}
 i - a scroll of magic mapping {unknown}
 k - a scroll of amnesia {unknown}
 m - a scroll of blinking {unknown}
 o - a scroll of fear {unknown}
 s - a scroll of teleportation {unknown}
Potions
 d - a potion of might
Comestibles
 f - 8 rations


   Skills:
 + Level 3.8 Fighting
 + Level 2.8 Long Blades
 * Level 4.2 Armour
 + Level 3.5 Shields


You had 4 spell levels left.
You didn't know any spells.
Your spell library was empty.

Dungeon Overview and Level Annotations

Branches:
Dungeon (4/15)
 Temple: D:4-7

Altars:
Okawaru
Qazlal
Uskayaw


Innate Abilities, Weirdness & Mutations

You have a pair of small antennae on your head.
You have sharp fingernails.
You have large cloven feet.
Your flesh is cold resistant. (rC+)
You can translocate small distances at will.
You are highly resistant to hostile enchantments. (MR++)
Your spells are a little easier to cast, but a little less powerful.


Message History

You aren't carrying any items that you can evoke.
Unknown command.
Unknown command.
Unknown command.
You start putting on your amulet.
You continue putting on your large diamond amulet. x2
Keep equipping yourself?
* * * LOW HITPOINT WARNING * * *
You feel sick.
You continue putting on your large diamond amulet. x3
You finish putting on your uncursed amulet of reflection.
You feel a shielding aura gather around you.
r - an amulet of reflection (around neck)
There is a lethal amount of poison in your body!
There is a lethal amount of poison in your body!
There is a lethal amount of poison in your body!
There is a lethal amount of poison in your body!
* * * LOW HITPOINT WARNING * * *
You feel sick.
You die...

###.#....##.#.........# #.####
#.#.........#######.######.....
#.#....##.### #............
#.#)#.....# #############
#>#.#.>...###### #
#..............# #
#.........####.# #
###....#...## #.# #
.....#.##.## #@# ## ###.##.##.#
#.# #. ###.##.##.# #.# #.
....##.##.# #.# #. ###.##.##.#
#.# ####. #.##.##.# #†# #....
#....##.#### #.# #.##.
#.##.......# #.# #.##.
###.#####.##.###.# #.##.


There were no monsters in sight!

Vanquished Creatures
  An ogre (D:4)
  A worker ant (D:3)
  3 gnolls (D:2)
  An adder (D:3)
  4 worms
  An orc (D:3)
  5 giant cockroaches
  9 goblins
  4 hobgoblins
  8 jackals
  8 kobolds
  4 bats
  A frilled lizard (D:1)
  3 rats
53 creatures vanquished.

Notes
Turn   | Place    | Note
-------+----------+-------------------------------------------
     0 | D:1      | BritishOli the Demonspawn Fighter began the quest for the
                  | Orb.
     0 | D:1      | Reached XP level 1. HP: 18/18 MP: 1/1
   411 | D:1      | Gained mutation: You have sharp fingernails. [demonic
                  | ancestry]
   411 | D:1      | Reached XP level 2. HP: 24/24 MP: 2/2
   417 | D:1      | Reached skill level 3 in Armour
  1008 | D:2      | Gained mutation: You have a pair of small antennae on your
                  | head. [demonic ancestry]
  1008 | D:2      | Reached XP level 3. HP: 9/29 MP: 3/3
  1351 | D:2      | Found an iron altar of Okawaru.
  1377 | D:2      | Became a worshipper of Warmaster Okawaru
  1458 | D:2      | Gained mutation: You have large cloven feet. [demonic
                  | ancestry]
  1458 | D:2      | Reached XP level 4. HP: 34/35 MP: 4/4
  2385 | D:3      | Found a stormy altar of Qazlal.
  2558 | D:3      | Found a hide-covered altar of Uskayaw.
  2857 | D:4      | Noticed an ogre
  2862 | D:4      | Killed an ogre
  2862 | D:4      | Reached skill level 4 in Armour
  2862 | D:4      | Gained mutation: Your flesh is cold resistant. (rC+)
                  | [demonic ancestry]
  2862 | D:4      | Reached XP level 5. HP: 28/42 MP: 5/5
  2885 | D:3      | Gained mutation: You are resistant to hostile enchantments.
                  | (MR+) [potion of mutation]
  2885 | D:3      | Gained mutation: You can translocate small distances at
                  | will. [potion of mutation]
  2885 | D:3      | Gained mutation: Your spells are a little easier to cast,
                  | but a little less powerful. [potion of mutation]
  2885 | D:3      | Gained mutation: You are highly resistant to hostile
                  | enchantments. (MR++) [potion of mutation]
  2886 | D:3      | HP: 3/63 [poisoned by a worker ant]
  2892 | D:3      | HP: 1/42 [poisoned by a worker ant]
  2900 | D:3      | Succumbed to a worker ant's poison

Illustrated notes

Levels and vault maps discovered:
D:1:      moated_graveyard_arrival, layout_loops_cross
D:2:      layout_loops_corners, okawaru_trees_2
D:3:      layout_loops_ring, nicolae_qazlal_general_emergency,
          eat_drink_and_be_merry_uskayaw
D:4:      layout_basic, nicolae_overflow_crystal_walls,
          nicolae_overflow_hidden_temple

Skill      XL: |  1  2  3  4 |
---------------+-------------+-----
Long Blades    | 2 |  2.8
Armour         | 3 4 |  4.2
Shields        | 3 |  3.5
Fighting       | |  3.8

Action                   |  1- 3 |  4- 6 || total
-------------------------+-------+-------++-------
Melee: Long sword        |   113 |    63 ||   176
       Kick              |       |    18 ||    18
  Use: Potion            |       |     4 ||     4
  Eat: Ration            |     1 |     1 ||     2
Armor: Scale mail        |    44 |    18 ||    62
Dodge: Dodged            |    26 |    14 ||    40
Block: Kite shield       |    67 |    31 ||    98
       Rpst.: Long sword |     6 |     4 ||    10

Table legend:
 A = Non-vault XP
 B = Vault XP
 C = Vault XP percentage of total XP
 D = Non-vault monster count
 E = Vault monster count
 F = Vault count percentage of total count
                 A         B        C        D         E       F
            +---------+---------+-------+---------+---------+-------
      Total |     301 |       0 |   0.0 |      53 |       0 |   0.0
            +---------+---------+-------+---------+---------+-------
        D:1 |      31 |       0 |   0.0 |      19 |       0 |   0.0
        D:2 |      80 |       0 |   0.0 |      20 |       0 |   0.0
        D:3 |      74 |       0 |   0.0 |      13 |       0 |   0.0
        D:4 |     116 |       0 |   0.0 |       1 |       0 |   0.0
            +---------+---------+-------+---------+---------+-------
